Cogmind - Beta 16 *** ADVENTURER MODE // 2025.10.25 @ 15:22:40 Player: Plonker Result: Destroyed by P-60 Hacker with Shock Rifle Performance ------------- Evolutions (3) 1500 Regions Visited (6) 1200 Robots Destroyed (35) 175 Value Destroyed (699) 699 Prototype IDs (2) 40 Alien Tech Used (0) 0 Bonus (0) 0 TOTAL SCORE: 3614 Bonus ------- None Cogmind --------- Core Integrity 0/700 Matter 101/300 Energy 48/100 System Corruption 3% Temperature Cool (2) Movement Flying (165) Ox2 Location -7/Factory Parts ------- > --- POWER (2) -------- (None) > --- PROPULSION (4) --- Improved Cesium-ion Thruster > --- UTILITY (5) ------ Transport Network Coupler Salvage Targeting Computer Core Analyzer Utility Shielding Improved Field Recycling Unit > --- WEAPON (2) ------- Shock Rifle > --- INVENTORY (5) ---- (None) Peak State ------------ > --- POWER ------------ Ion Engine Light Nuclear Core > --- PROPULSION ------- Airjet Airjet Flight Unit > --- UTILITY ---------- Transport Network Coupler Salvage Targeting Computer Core Analyzer ECM Suite Utility Shielding > --- WEAPON ----------- Improved Assault Rifle Blade Saw > --- INVENTORY -------- (None) [Rating: 26] Favorites ----------- Power Ion Engine Engine Ion Engine Power Core Light Nuclear Core Propulsion Flight Unit Treads Light Treads Hover Unit Backup Propulsion I Flight Unit Flight Unit Utility Transport Network Coupler Device Improved Field Recycling Unit Storage Small Storage Unit Processor Transport Network Coupler Protection Utility Shielding Weapon Light Assault Rifle Energy Gun Shock Rifle Ballistic Gun Light Assault Rifle Launcher Rocket Launcher Slashing Weapon Blade Saw Build | -11 -10 -10 -9 -9 -8 -7 ------- Run | Yrd Mat Min Mat Sto Mat Fac Slots Evolved 6 | . . . 2 . 2 2 Power 1 | . . . . . 1 . Propulsion 2 | . . . 1 . 1 . Utility 3 | . . . 1 . . 2 Weapon . | . . . . . . . Parts Attached 38 | 5 2 3 5 5 5 13 Power 6 | 1 . . 1 . 2 2 Engine 4 | 1 . . 1 . 1 1 Core 2 | . . . . . 1 1 Reactor . | . . . . . . . Propulsion 15 | 2 . 2 2 2 2 5 Treads 2 | 2 . . . . . . Leg . | . . . . . . . Wheel . | . . . . . . . Hover 3 | . . . . . . 3 Flight 10 | . . 2 2 2 2 2 Utility 7 | 1 1 . 1 1 . 3 Device 2 | . . . . . . 2 Storage 1 | 1 . . . . . . Processor 3 | . 1 . 1 . . 1 Hackware . | . . . . . . . Protection 1 | . . . . 1 . . Artifact . | . . . . . . . Weapon 10 | 1 1 1 1 2 1 3 Energy Gun 1 | . . . . . . 1 Energy Cannon . | . . . . . . . Ballistic Gun 6 | 1 1 1 1 2 . . Ballistic Cannon . | . . . . . . . Launcher 2 | . . . . . 1 1 Special Weapon . | . . . . . . . Impact Weapon . | . . . . . . . Slashing Weapon 1 | . . . . . . 1 Piercing Weapon . | . . . . . . . Special Melee Weapon . | . . . . . . . Unidentified Prototypes 2 | . . . . 1 . 1 Parts Lost 21 | . . . 1 4 1 15 Power 5 | . . . . . 1 4 Propulsion 10 | . . . 1 2 . 7 Utility 1 | . . . . . . 1 Weapon 5 | . . . . 2 . 3 Highest Loss Streak 11 | . . . 1 4 1 11 To Critical Strikes . | . . . . . . . Average Backups 2 | 1 1 2 2 3 4 1 Power 1 | . 1 2 1 2 1 . Propulsion . | . . . . 1 2 . Utility . | . . . . . . . Weapon . | . . . . . . . Tool/Special . | . . . . . . . Unused Backups . | . . . . . . . Power . | . . . . . . . Propulsion . | . . . . . . . Utility . | . . . . . . . Weapon . | . . . . . . . Tool/Special . | . . . . . . . Average Slot Usage (%) 81 | . 94 97 72 88 96 63 Engine 8 | . 14 14 11 11 12 2 Core 1 | . . . . . 3 3 Treads 9 | . 28 25 . . . . Flight 12 | . . 2 28 31 36 10 Device 2 | . . . . . . 5 Storage 4 | . 14 12 . . . . Processor 17 | . 9 14 14 22 18 22 Protection 4 | . . . . 8 9 7 Ballistic Gun 14 | . 28 26 19 15 11 2 Launcher 1 | . . . . . 7 3 Peak Build Rating 26 | 5 7 10 12 14 18 26 Average Rating 12 | 3 6 9 9 11 16 18 On Entrance 9 | . 5 7 8 12 14 18 Avg Prop Armor Cover (%) 20 | . . . . . . 20 Naked Turns . | . . . . . . . Heaviest Build 20 | 11 13 16 10 12 16 20 Greatest Support 40 | 40 40 40 12 12 16 16 Greatest Overweight (x) 4 | . . 1 1 1 . 4 Average Overweight (x) . | . . . . . . . Largest Inventory Capacity 8 | 8 8 8 5 5 5 5 Average Capacity 6 | 7 8 7 5 5 5 5 Most Carried 5 | 4 3 4 4 5 5 5 Average Carried 2 | 1 1 2 1 3 4 1 Final Capacity 8 | 8 8 5 5 5 5 5 Final Carried 5 | 2 2 3 3 5 5 . Class Distribution -------------------- 78% | Mutant 11% | Scavenger-Mutant 9% | Scavenger-Sprinter Dominant Class ---------------- Mutant | -10/Materials Mutant | -10/Mines Scavenger-Mutant | -9/Materials Mutant | -9/Storage Scavenger-Sprinter | -8/Materials Mutant | -7/Factory Resources | -11 -10 -10 -9 -9 -8 -7 ----------- Run | Yrd Mat Min Mat Sto Mat Fac Matter Collected 626 | 218 104 10 125 146 23 . Remotely . | . . . . . . . Salvage Created 787 | . 125 33 130 266 134 99 Parts 72 | . 13 6 12 22 13 6 Haulers Intercepted 2 | . . . 1 1 . . Recyclers Shooed . | . . . . . . . Parts Field Recycled . | . . . . . . . Retrieved Matter . | . . . . . . . Parts Self-Destructed . | . . . . . . . Prevented . | . . . . . . . Parts Restored . | . . . . . . . Kills | -11 -10 -10 -9 -9 -8 -7 ------- Run | Yrd Mat Min Mat Sto Mat Fac Combat Hostiles Destroyed 31 | . 5 3 5 8 7 3 Melee 1 | . . . . . . 1 Guns 24 | . 5 3 5 8 3 . AOE 6 | . . . . . 4 2 Classes Destroyed 5 | . 2 . 2 . . 1 Tunneler 1 | . . . . . . 1 Hauler 2 | . . . 1 1 . . Operator 1 | . . . 1 . . . Swarmer 21 | . 3 3 5 5 4 1 Grunt 10 | . 2 . . 3 3 2 Best Kill Streak 6 | . 3 3 4 6 4 3 Combat Bots Only 6 | . 3 3 3 6 4 2 Max Kills in Single Turn 4 | . 2 2 1 1 4 3 Gunslinging 1 | . 1 1 . . . . Exploded 3 | . . . . . 3 2 Melee 1 | . . . . . . 1 Uniques/NPCs Destroyed . | . . . . . . . Combat | -11 -10 -10 -9 -9 -8 -7 -------- Run | Yrd Mat Min Mat Sto Mat Fac Hostile Shots Fired 368 | . 53 6 55 69 17 168 Missed 135 | . 19 2 22 34 9 49 Hits 233 | . 34 4 33 35 8 119 Projectile 233 | . 34 4 33 35 8 119 Critical Strikes 4 | . 1 . . 2 . 1 Part Disruptions 1 | . . . . . . 1 Damage Taken 2455 | . 222 23 274 276 120 1540 Core 932 | . 28 11 103 80 . 710 Absorbed by Shields . | . . . . . . . Redirected to Shielding 34 | . . . . . . 34 Ignored by Resistances 727 | . 73 8 83 83 34 446 Core Remaining (%) 84 | 100 . 84 . 54 100 . Volleys Fired 63 | . 13 2 15 19 7 7 Largest 2 | . 2 2 2 2 2 1 Hottest 56 | . 40 53 53 53 56 50 Shots Fired 117 | . 26 4 30 36 14 7 Gun 109 | . 26 4 30 36 7 6 Cannon . | . . . . . . . Launcher 8 | . . . . . 7 1 Special . | . . . . . . . Kinetic 107 | . 26 4 30 36 7 4 Thermal . | . . . . . . . Explosive 8 | . . . . . 7 1 Electromagnetic 2 | . . . . . . 2 Robot Hit Streak 18 | . 4 4 7 18 4 5 Robot Miss Streak 8 | . 2 1 8 1 1 1 Penetration Max . | . . . . . . . Secondary Targets 6 | . 1 1 . 4 . . Max Gunslinging Chain 1 | . 1 1 . 1 . . Shots Hit Robots 86 | . 17 3 14 33 7 12 Core Hits 58 | . 8 3 13 13 11 10 Critical Kills 1 | . . . . . 1 . Critical Parts Destroyed . | . . . . . . . Critical Strikes 2 | . . . . . 1 1 Destroy 1 | . . . . . 1 . Sever 1 | . . . . . . 1 Melee Attacks 8 | . . . . . . 8 Impact . | . . . . . . . Slashing 8 | . . . . . . 8 Piercing . | . . . . . . . Sneak Attacks 1 | . . . . . . 1 Combat Hostiles . | . . . . . . . Follow-up Attacks . | . . . . . . . Damage Inflicted 1928 | . 180 65 238 426 583 436 Guns 1013 | . 180 65 238 426 54 50 Cannons . | . . . . . . . Explosions 781 | . . . . . 529 252 Melee 120 | . . . . . . 120 Ramming 14 | . . . . . . 14 Kinetic 1006 | . 180 65 238 426 54 43 Thermal 113 | . . . . . . 113 Explosive 668 | . . . . . 529 139 Electromagnetic 7 | . . . . . . 7 Impact . | . . . . . . . Slashing 120 | . . . . . . 120 Piercing . | . . . . . . . Highest Corruption 3 | . . . . 1 . 3 Average Corruption 1 | . . . . 1 . 1 Corruption Purged . | . . . . . . . Corruption Blocked . | . . . . . . . Effects 2 | . . . . . . 2 Message Errors 1 | . . . . . . 1 Heat Flow Errors 1 | . . . . . . 1 Overload Shots . | . . . . . . . Overflow Damage 27 | . . . . . 4 23 Projectiles . | . . . . . . . Explosions 27 | . . . . . 4 23 Melee . | . . . . . . . Knockbacks . | . . . . . . . Impact . | . . . . . . . Kinetic . | . . . . . . . Secondary . | . . . . . . . Self-Inflicted Damage 164 | . . . . . 37 127 Shots 5 | . . . . . 2 3 Rammed 4 | . . . . . . 4 Targets Rammed 4 | . . . . . . 4 Kicked . | . . . . . . . Crushed . | . . . . . . . Highest Temperature 113 | . 12 . 34 18 9 113 Average Temperature 11 | . 8 . 13 6 2 33 Received Heat Transfer 591 | . 30 . 111 72 45 333 Siege Activations . | . . . . . . . Martial Activations . | . . . . . . . Shielding Activations . | . . . . . . . Robots Disrupted . | . . . . . . . Combat Hostiles . | . . . . . . . Robots Corrupted . | . . . . . . . Combat Hostiles . | . . . . . . . Parts Fried . | . . . . . . . Impact Corruptions . | . . . . . . . Robots Melted . | . . . . . . . Combat Hostiles . | . . . . . . . Parts Melted . | . . . . . . . Heat Transferred 50 | . . . . . . 50 Parts Sabotaged . | . . . . . . . Parts Stolen . | . . . . . . . Parts Stripped . | . . . . . . . Power Chain Reactions . | . . . . . . . Alert | -11 -10 -10 -9 -9 -8 -7 ------- Run | Yrd Mat Min Mat Sto Mat Fac Maximum Alert Level 1 | . . . . 1 . . Low Security (%) 99 | 100 100 100 100 94 100 100 Level 1 . | . . . . 5 . . Level 2 . | . . . . . . . Level 3 . | . . . . . . . Level 4 . | . . . . . . . Level 5 . | . . . . . . . High Security . | . . . . . . . Max Security . | . . . . . . . Peak Influence 234 | . 70 70 77 234 182 133 Initial 84 | . . 16 16 12 84 . Average 30 | . 12 11 37 58 64 36 Influence Increases 1074 | . 120 70 135 330 203 216 Destroy 0b10 Robot/C 620 | . 100 60 100 160 140 60 Destroy 0b10 Robot/NC 20 | . . . 10 5 . 5 Destroy Leader 104 | . 20 10 22 32 10 10 Successful Hack 36 | . . . . 28 5 3 Disable Machine 36 | . . . . . . 36 Destroy Structure 93 | . . . 3 . 48 42 Partial Spotted 15 | . . . . 15 . . Lose Combat Pursuer 150 | . . . . 90 . 60 Influence Decreases 1041 | . 70 70 150 131 437 183 Entered New Map 241 | . . 34 34 23 150 . Time Decay 371 | . 70 36 42 50 30 143 Lost Part 99 | . . . 10 39 10 40 Purge Threat 330 | . . . 64 19 247 . Squads Dispatched 7 | . 1 . 1 2 . 3 Investigation 4 | . 1 . . 2 . 1 Extermination 1 | . . . . . . 1 Reinforcement 2 | . . . 1 . . 1 Assault . | . . . . . . . Garrison . | . . . . . . . Intercept . | . . . . . . . Searches Triggered . | . . . . . . . Construction Impeded . | . . . . . . . Haulers Reinforced . | . . . . . . . Active Scanning Responses . | . . . . . . . Cargo Convoy Interrupts . | . . . . . . . Stealth | -11 -10 -10 -9 -9 -8 -7 --------- Run | Yrd Mat Min Mat Sto Mat Fac Distress Signals 4 | . 2 . 1 . . 1 Communications Jammed . | . . . . . . . Distress Signals . | . . . . . . . Times Spotted 73 | . 9 3 13 16 9 23 Peak Tracking Total 12 | . 4 3 8 12 4 5 Tactical Retreats 11 | . . . . 4 . 7 ECM-based Alert Blocks 9 | . . . . . . 9 Traps | -11 -10 -10 -9 -9 -8 -7 ------- Run | Yrd Mat Min Mat Sto Mat Fac Traps Triggered 1 | . 1 . . . . . Indirectly . | . . . . . . . Trap Hack Attempts . | . . . . . . . Triggered . | . . . . . . . Disarmed . | . . . . . . . Reprogrammed . | . . . . . . . Reused . | . . . . . . . Traps Extracted . | . . . . . . . Installed . | . . . . . . . Triggered . | . . . . . . . Machines | -11 -10 -10 -9 -9 -8 -7 ---------- Run | Yrd Mat Min Mat Sto Mat Fac Machines Disabled 4 | . . . . . . 4 Max in Single Turn 4 | . . . . . . 4 Garrison Access 3 | . . . . . 1 2 Machines Repaired . | . . . . . . . Machines Dismantled . | . . . . . . . Machines Sabotaged . | . . . . . . . Overloaded Fab Kills . | . . . . . . . Hacking | -11 -10 -10 -9 -9 -8 -7 --------- Run | Yrd Mat Min Mat Sto Mat Fac Machines Accessed 15 | . 1 . 1 5 3 5 Terminals 11 | . 1 . 1 5 2 2 Fabricators 1 | . . . . . . 1 Repair Stations . | . . . . . . . Recycling Units . | . . . . . . . Scanalyzers . | . . . . . . . Garrison Access 3 | . . . . . 1 2 Total Hacks 38 | . 2 . 4 12 9 11 Successful 19 | . 1 . 2 5 6 5 Failed 19 | . 1 . 2 7 3 6 Catastrophic 4 | . . . 2 1 . 1 Database Lockouts . | . . . . . . . Manual 23 | . 2 . 4 7 6 4 Terminals 30 | . 2 . 4 12 7 5 Fabricators 3 | . . . . . . 3 Repair Stations . | . . . . . . . Recycling Units . | . . . . . . . Scanalyzers . | . . . . . . . Garrison Access 5 | . . . . . 2 3 Terminal Hacks 7 | . . . 1 3 2 1 Part Schematic 1 | . . . . 1 . . Open Door 1 | . . . . 1 . . Open DSF 1 | . . . . . . 1 Unreport Threat 4 | . . . 1 1 2 . Fabricator Hacks 1 | . . . . . . 1 Load Schematic 1 | . . . . . . 1 Repair Station Hacks . | . . . . . . . Recycling Unit Hacks . | . . . . . . . Scanalyzer . | . . . . . . . Garrison Access Hacks 3 | . . . . . 1 2 Seal Access 3 | . . . . . 1 2 Unauthorized Hacks 8 | . 1 . 1 2 3 1 Terminals 8 | . 1 . 1 2 3 1 Assimilate 2 | . . . . . 1 1 Botnet 6 | . 1 . 1 2 2 . Fabricators . | . . . . . . . Repair Stations . | . . . . . . . Recycling Units . | . . . . . . . Scanalyzers . | . . . . . . . Garrison Access . | . . . . . . . Data Cores Recovered 1 | . . . 1 . . . Used . | . . . . . . . Hacking Detections 10 | . 1 . . 5 1 3 Full Trace Events 3 | . . . . 2 . 1 Feedback Events 1 | . . . . 1 . . Corruption 1 | . . . . 1 . . Feedback Blocked . | . . . . . . . Robot Schematics Acquired . | . . . . . . . Robots Built . | . . . . . . . Authchips . | . . . . . . . Time . | . . . . . . . Total Robot Build Rating . | . . . . . . . Part Schematics Acquired 1 | . . . . 1 . . Parts Built . | . . . . . . . Authchips . | . . . . . . . Time . | . . . . . . . Total Part Build Rating . | . . . . . . . Part Studies Acquired . | . . . . . . . Parts Repaired . | . . . . . . . Time . | . . . . . . . Parts Recycled . | . . . . . . . Recycled Matter . | . . . . . . . Retrieved Matter . | . . . . . . . Retrieved Components . | . . . . . . . Parts Scanalyzed . | . . . . . . . Part Schematics Acquired . | . . . . . . . Parts Damaged . | . . . . . . . Bothacking | -11 -10 -10 -9 -9 -8 -7 ------------ Run | Yrd Mat Min Mat Sto Mat Fac Used RIF Installer . | . . . . . . . Robots Hacked . | . . . . . . . Non-combat . | . . . . . . . Combat . | . . . . . . . Robot Hacks Applied . | . . . . . . . Relay Couplers Released . | . . . . . . . Fabnet Peak Effective % . | . . . . . . . Robots Rewired . | . . . . . . . Allies Hacked . | . . . . . . . Hacks Repelled . | . . . . . . . Allies | -11 -10 -10 -9 -9 -8 -7 -------- Run | Yrd Mat Min Mat Sto Mat Fac Total Allies 1 | . . . . . . 1 Largest Group 1 | . . . . . . 1 Highest-Rated Group 26 | . . . . . . 26 Highest-Rated Ally 26 | . . . . . . 26 Total Orders . | . . . . . . . Ally Attacks . | . . . . . . . Total Damage . | . . . . . . . Kills . | . . . . . . . Allies Corrupted . | . . . . . . . Allies Melted . | . . . . . . . Intel | -11 -10 -10 -9 -9 -8 -7 ------- Run | Yrd Mat Min Mat Sto Mat Fac Active Infowar (turns) 1188 | . 192 185 109 151 82 469 T.N.C. 1188 | . 192 185 109 151 82 469 ECM 153 | . . . . . . 153 Robot Analysis Total . | . . . . . . . Derelict Logs Recovered . | . . . . . . . Drone Launches . | . . . . . . . Drone Recoveries . | . . . . . . . Exploration | -11 -10 -10 -9 -9 -8 -7 ------------- Run | Yrd Mat Min Mat Sto Mat Fac Turns Passed 1340 | 60 284 185 109 151 82 469 Spaces Moved 1223 | 34 153 108 153 243 158 374 Core 6 | 5 . . . . . 1 Treads 281 | 29 153 99 . . . . Legs . | . . . . . . . Wheels . | . . . . . . . Hover 51 | . . . . . . 51 Flight 885 | . . 9 153 243 158 322 Fastest Speed 31 | 50 160 117 34 34 31 31 Average Speed 85 | 143 160 156 35 35 31 105 Slowest Speed 320 | 160 160 160 117 120 31 320 Overloaded Moves . | . . . . . . . Propulsion Burnouts . | . . . . . . . Robots Hopped 3 | . . . . 1 1 1 Potential Cave-ins . | . . . . . . . Cave-ins Triggered . | . . . . . . . Exploration Rate (%) 23 | 3 29 23 19 57 17 17 Regions Visited 6 Branch Regions 2 Pre-discovered Areas 1 | . . . . 1 . . Known Exits Taken . | . . . . . . . Unknown Exits Taken 6 | 1 1 1 1 1 1 . Scrap Searched 1 | . . 1 . . . . Spaces Dug . | . . . . . . . Terrain Destroyed 103 | . . . 3 . 49 51 Melee . | . . . . . . . Projectile 3 | . . . 3 . . . AOE 100 | . . . . . 49 51 Terrain Rammed . | . . . . . . . Walls Destroyed . | . . . . . . . Machines Disabled . | . . . . . . . Actions | -11 -10 -10 -9 -9 -8 -7 --------- Run | Yrd Mat Min Mat Sto Mat Fac Total 1381 | 45 169 121 179 272 174 421 Wait 5 | . . . . . . 5 Move 1211 | 33 152 107 152 240 155 372 Hop 3 | . . . . 1 1 1 Pick Up 36 | 7 2 4 5 7 4 7 Fast Attach 3 | . . . . . 1 2 Attach 30 | 5 2 1 4 5 2 11 Detach . | . . . . . . . Swap 7 | . . 2 2 . 2 1 Drop 11 | . . 5 1 . 2 3 Fire 63 | . 13 2 15 19 7 7 Melee 8 | . . . . . . 8 Ram 4 | . . . . . . 4 Kick . | . . . . . . . Crush . | . . . . . . . Escape Stasis . | . . . . . . . Rewire . | . . . . . . . Trap . | . . . . . . . Miscellaneous . | . . . . . . . Route ------- -11/Scrapyard -10/Materials -10/Mines -9/Materials -9/Storage -8/Materials -7/Factory History --------- Turn | Location | Event 25 | -11/Scrapyard | Discovered new exit (range 16) 61 | -11/Scrapyard | Entered Materials 307 | -10/Materials | Build established: Mutant 315 | -10/Materials | Discovered new exit (range 9) 345 | -10/Materials | Entered Mines 345 | -10/Mines | Discovered new exit (range 8) 373 | -10/Mines | A weapon hastily lodged in a ceiling crevice suddenly fell to the ground 530 | -10/Mines | Entered Materials 530 | -9/Materials | Evolved 2 slots: Propulsion x1, Utility x1 633 | -9/Materials | Discovered new exit (range 9) 639 | -9/Materials | Entered Storage 643 | -9/Storage | Learned location of Armory (-4) 740 | -9/Storage | Lost 4 parts (2n2w) 740 | -9/Storage | Discovered new exit (range 11) 790 | -9/Storage | Entered Materials 790 | -8/Materials | Evolved 2 slots: Power x1, Propulsion x1 869 | -8/Materials | Discovered new exit (range 10) 872 | -8/Materials | Entered Factory 872 | -7/Factory | Evolved 2 slots: Utility x2 1066 | -7/Factory | Lost 11 parts (3p6n2w) 1137 | -7/Factory | Core integrity fell below 50% 1297 | -7/Factory | Core integrity fell below 20% 1341 | -7/Factory | Destroyed by P-60 Hacker with Shock Rifle Last Messages --------------- 01274_ U-05 Engineer lays Concrete. 01277_ U-05 Engineer builds a Wall. 01277_ U-05 Engineer lays Concrete. 01278_ K-01 Serf collects debris. 01279_ U-05 Engineer lays Concrete. 01281_ U-05 Engineer builds a Wall. 01282_ K-01 Serf collects debris. 01282_ U-05 Engineer lays Concrete. 01285_ U-05 Engineer builds a Wall. 01286_ K-01 Serf collects debris. 01286_ U-05 Engineer lays Concrete. 01289_ Construction Platform disabled. 01289_ Critical hit (Burn: +37). 01290_ U-05 Engineer lays Concrete. 01293_ K-01 Serf collects debris. 01304_ U-05 Engineer builds a Wall. 01314_ Hvy. Missile Launcher destroyed. 01315_ K-01 Serf collects debris. 01317_ Backup Propulsion I destroyed. 01336_ Acquired Shock Rifle. Map ----- +----------------------------------------------------+ | ^ ^ """???????????????????? | | """???????????????????? | | ######/#### """???????????????????? | | ## # """???????????????????? | | ## """# """" ?????????????????? | | ## R"# #???????????????? | | ## [ ""# """" """" ????????????????? | | + ! # """" ""????????????????????? | | a## # """" ??????????????????????? | | ## " """" ""??? #???????????????? | | #" " """" ""??? #???????????????? | | "" """" """?? #???????????????? | | "" # """" """" #???????????????? | | "" # #???????????????? | | #" # """ """" #???????????????? | | ## # " "" """? #???????????????? | | + + """" """" #???????????????? | | ## # """" """" #???????????????? | | ## # """" """" #???????????????? | | ## # """" """" +???????????????? | | ###### ## ## """" """" #???????????????? | | ## #" ### ###" #???????????????? | | ## ### ## #???????????????? | | ## ## # #### #######+########??????????? | | #? ########???# #!! g #??????????? | | #? ???????? #!@ p #??????????? | | #?##???????######### #??????????? | | #??????????????????# """ """ #??????????? | | #??????????????????# """ """ #??????????? | | #??????????????????# """ """ #??????????? | | #####??????????????????##############????????????? | | | | | | | | | | | | | | | | | | | | | | | | | | | | | | | | | | | | | | | +----------------------------------------------------+ Best States ------------- Heat Dissipation 34 Energy Generation 19 Energy Capacity 310 Matter Stores 300 Matter Capacity 300 Sight Range 16 Terrain Scan Density 10 ECM Strength 1 Resistance: KI 20 Resistance: TH 20 Resistance: EX 20 Resistance: EM 20 Resistance: I 20 Resistance: S 20 Resistance: P 20 Utility Shielding 33 Evasion (%) 63 Core Analysis 6 Recoil Reduction 2 Salvage Targeting 1 Offensive Hacking 10 Item Schematics ----------------- Lyr. Light Armor Plating | -9/Storage | Hacked Robot Schematics ------------------ None Fabricated ------------ Nothing Repaired ---------- Nothing Studied --------- None Alien Tech Used ----------------- None Achievements -------------- None Challenges ------------ None Game ------ Seed BattleGhostCanceller Manual? 0 Play Time 00:29:58 Cumulative 49.9 hours Start 2025.10.25 @ 14:53:43 End 2025.10.25 @ 15:22:40 Sessions 1 Manual Loads 0 Difficulty Adventurer Special Mode None Game No. 51 Rogue 0 Adventurer 51 Explorer 0 Win Type - Total 0 Types 0/0/0/0/0/0/0/0/0/0 Lore% 21 Gallery% 33 Achievement% 20 Wizard Run 0 Options --------- Layout 1 ASCII 0 Keyboard 0 Movement Mouse Keybinds 0 Fullscreen 1 Font 16/SmallcapsGlow Map View 50x40 Zoom Use 0% Tactical HUD 1 Map Filters NONE Filters NONE Steam SD RUN: 61310d40-1cfc-4e5b-ae10-3863217fbbe5